 Dungeon Crawl Stone Soup version 0.25.0-9-g26727b657a (webtiles) character file.

Game seed: 7757028743306907979

618 Infinimo the Slasher (level 7, -7/55 HPs)
             Began as a Merfolk Gladiator on June 19, 2020.
             Killed by divine providence
             ... invoked by an orc priest
              (15 damage)
             ... on level 5 of the Dungeon.
             The game lasted 00:05:32 (4702 turns).

Infinimo the Slasher (Merfolk Gladiator)            Turns: 4702, Time: 00:05:32

Health: -7/55      AC:  6    Str: 12 (14) XL:     7   Next: 45%
Magic:  7/7        EV: 15    Int:  7 (8)  God:
Gold:   218        SH:  0    Dex: 15 (17) Spells: 6/6 levels left

rFire    . . .     SeeInvis .   a - +0 long sword
rCold    + . .     Gourm    .   (no shield)
rNeg     . . .     Faith    .   e - +2 leather armour {rC+}
rPois    +         Spirit   .   c - +0 helmet
rElec    .         Reflect  .   (no cloak)
rCorr    .         Harm     .   (no gloves)
MR       .....                  (no boots)
Stlth    +.........             (no amulet)
HPRegen  0.18/turn              n - ring of poison resistance
MPRegen  0.10/turn              (no ring)

@: about to teleport
A: change form in water, swift swim, stealthy swim
a: no special abilities


You were on level 5 of the Dungeon.
You were not hungry.

You visited 1 branch of the dungeon, and saw 5 of its levels.

You collected 218 gold pieces.

Inventory:

Hand Weapons
 a - a +0 long sword (weapon)
Missiles
 d - 3 throwing nets (quivered)
Armour
 c - a +0 helmet (worn)
 e - a +2 leather armour of cold resistance (worn)
Jewellery
 n - a ring of poison resistance (left hand)
 p - a +4 ring of protection {unknown}
 v - a +6 ring of intelligence {unknown}
Wands
 t - a wand of digging (8)
 u - a wand of disintegration (10)
Scrolls
 i - a scroll of immolation {unknown}
 m - a scroll of teleportation
 q - 3 scrolls of identify
 r - a scroll of fear {unknown}
 s - 2 scrolls of remove curse
Potions
 b - 2 potions of haste
 h - 2 potions of curing
 j - a potion of berserk rage {unknown}
 k - a potion of magic {unknown}
 l - 2 potions of lignification
 o - a potion of mutation {unknown}
Comestibles
 f - 10 rations
 g - 2 chunks of flesh


   Skills:
 + Level 4.7 Fighting
 * Level 6.9 Long Blades
 - Level 2.0 Throwing
 + Level 6.4 Dodging


You had 6 spell levels left.
You didn't know any spells.
Your spell library was empty.

Dungeon Overview and Level Annotations

Branches:
Dungeon (5/15)
 Temple: D:4-7

Altars:
Trog


Message History

An orc comes into view. It is wielding a +0 dagger.
The orc wizard barely misses you.
You riposte.
You closely miss the orc wizard.
You hit the orc wizard but do no damage.
The orc priest mumbles some strange prayers to Beogh against you.
Beogh smites you!
* * * LOW HITPOINT WARNING * * *
The orc wizard hits you with a +0 dagger.
* * * LOW HITPOINT WARNING * * *
You are too injured to fight recklessly!
You are too injured to fight recklessly!
Unknown command.
As you read the scroll of teleportation, it crumbles to dust.
You feel strangely unstable.
The orc wizard hits you with a +0 dagger.
* * * LOW HITPOINT WARNING * * *
The orc priest casts a cantrip, but nothing happens.
The orc wizard closely misses you.
The orc priest calls down the wrath of Beogh upon you.
Beogh smites you!
You die...

#### #..#
#.## #####
#.# .o. #.#
#o# #.# #.#
#.# . #o# #.#
#. #.#@# #.#
##.##.#)# #.#
...#.#.# #.#
#..#.# ######
#.#### #....#
#....# #.....
.###...?##
#.##.########
#........#
#.##.........
#####...##
#.###########
#..## #.#


You could see an orc priest, an orc wizard (fast) and an orc.

Vanquished Creatures
  An ogre (D:5)
  A bullfrog zombie (D:5)
  A hound (D:4)
  An orc priest (D:4)
  3 orc wizards
  An iguana (D:4)
  Jessica (D:2)
  Terence (D:2)
  Natasha (thrice) (D:2)
  4 gnolls
  5 adders
  A shadow imp (D:3)
  An ooze (D:4)
  3 worms
  2 dart slugs
  A leopard gecko (D:2)
  13 orcs
  2 ball pythons
  3 giant cockroaches
  10 goblins
  7 hobgoblins
  9 jackals
  6 kobolds
  6 bats
  3 frilled lizards
  8 rats
  A bush (D:1)
98 creatures vanquished.

Notes
Turn   | Place    | Note
-------+----------+-------------------------------------------
     0 | D:1      | Infinimo the Merfolk Gladiator began the quest for the Orb.
     0 | D:1      | Reached XP level 1. HP: 16/16 MP: 1/1
   114 | D:1      | Reached XP level 2. HP: 17/23 MP: 2/2
  1077 | D:2      | Reached XP level 3. HP: 27/28 MP: 3/3
  1256 | D:2      | Noticed Natasha
  1261 | D:2      | Killed Natasha
  1261 | D:2      | Reached XP level 4. HP: 35/35 MP: 4/4
  1295 | D:2      | Noticed Jessica
  1305 | D:2      | Killed Jessica
  1366 | D:2      | Noticed Terence
  1378 | D:2      | Killed Terence
  1378 | D:2      | Reached skill level 5 in Dodging
  1450 | D:2      | Reached XP level 5. HP: 36/41 MP: 5/5
  1565 | D:2      | Reached skill level 5 in Long Blades
  1693 | D:2      | Noticed Natasha
  1958 | D:2      | Killed Natasha
  2264 | D:2      | Noticed Natasha
  2287 | D:2      | Killed Natasha
  2780 | D:3      | Reached XP level 6. HP: 48/48 MP: 6/6
  3384 | D:4      | Noticed a moth of wrath
  3386 | D:4      | Found a bloodstained altar of Trog.
  3934 | D:4      | Reached XP level 7. HP: 16/55 MP: 7/7
  3938 | D:4      | HP: 2/82 [orc priest/divine providence (15)]
  4342 | D:5      | Entered Level 5 of the Dungeon
  4702 | D:5      | Killed from afar by an orc priest

Illustrated notes

Levels and vault maps discovered:
D:1:      sevenhm_arrival_forest_fort_large_4, layout_loops_ring,
          minmay_hedge_maze
D:2:      layout_loops_corners, uniq_natasha, uniq_jessica, uniq_terence
D:3:      layout_basic
D:4:      layout_rooms, first_ration, tgw_trog
D:5:      kennysheep_steamy, layout_loops_ring

Skill      XL: |  1  2  3  4  5  6 |
---------------+-------------------+-----
Long Blades    | 4 5 6 |  6.9
Fighting       | 3 4 |  4.7
Dodging        | 5 6 |  6.4
Throwing       | |  2.0

Action                   |  1- 3 |  4- 6 |  7- 9 || total
-------------------------+-------+-------+-------++-------
Melee: Long sword        |   124 |   230 |    50 ||   404
       Unarmed           |       |     6 |       ||     6
  Use: Scroll            |       |     4 |     1 ||     5
       Potion            |       |     3 |     1 ||     4
 Stab: Sleeping          |     1 |     3 |     1 ||     5
  Eat: Chunk             |     1 |     9 |     3 ||    13
Armor: Leather armour    |    12 |    59 |     3 ||    74
       Skin              |       |       |     8 ||     8
Dodge: Dodged            |    37 |   226 |    21 ||   284
       Rpst.: Long sword |     9 |    78 |     8 ||    95
